 Dungeon Crawl Stone Soup version 0.27.0-1-g7a089689b8 (webtiles) character file.

Game seed: 9754054124475789105

33 sasquatch the Sneak (level 3, -1/24 HPs)
             Began as an Octopode Brigand on Aug 7, 2021.
             Killed from afar by a white imp (4 damage)
             ... with a puff of frost
             ... summoned by Natasha
             ... on level 2 of the Dungeon.
             The game lasted 00:01:11 (1141 turns).

sasquatch the Sneak (Octopode Brigand)              Turns: 1141, Time: 00:01:11

Health: -1/24      AC:  1    Str: 10    XL:     3   Next: 29%
Magic:  3/3        EV: 12    Int: 13    God:
Gold:   79         SH:  0    Dex: 14    Spells: 2/2 levels left

rFire    . . .     SeeInvis .   a - +2 dagger
rCold    . . .     Faith    .   (no shield)
rNeg     . . .     Spirit   .   (helmet restricted)
rPois    .         Reflect  .   (no amulet)
rElec    .         Harm     .   (no ring)
rCorr    .         Rampage  .   (no ring)
Will     .....                  (no ring)
Stlth    ++++......             (no ring)
HPRegen  0.08/turn              (no ring)
MPRegen  0.08/turn              (no ring)
                                (no ring)
                                (no ring)

@: no status effects
A: almost no armour, amphibious, 8 rings, camouflage 1, gelatinous body 1,
(nimble swimmer 1), tentacles
a: no special abilities


You were on level 2 of the Dungeon.
You visited 1 branch of the dungeon, and saw 2 of its levels.

You collected 79 gold pieces.

Inventory:

Hand Weapons
 a - a +2 dagger (weapon)
Missiles
 b - 8 poisoned darts (quivered)
 c - 2 curare-tipped darts
Scrolls
 d - a scroll of amnesia {unknown}
 e - a scroll of identify {unknown}
 g - a scroll of teleportation {unknown}
 i - a scroll of vulnerability {unknown}
Potions
 f - a potion of magic {unknown}
 h - a potion of cancellation {unknown}


   Skills:
 - Level 2.0 Fighting
 * Level 3.0 Short Blades
 - Level 2.0 Throwing
 - Level 1.0 Dodging
 + Level 6.1 Stealth


You had 2 spell levels left.
You didn't know any spells.
Your spell library was empty.

Dungeon Overview and Level Annotations

Branches:
Dungeon (2/15)

Altars:

Annotations:
D:2 Natasha


Innate Abilities, Weirdness & Mutations

You cannot wear most types of armour.
You are amphibious.
You can wear up to eight rings at the same time.
Your skin changes colour to match your surroundings (Stealth+).
Your rubbery body absorbs attacks. (AC +1, EV +1)
((You are camouflaged near water. (Stealth+)))
You have tentacles for arms and can constrict up to eight enemies at once.


Message History

Unknown command.
Found a stone staircase leading down.
No target in view!
You now have 79 gold pieces (gained 9).
You see here a +0 long sword.
i - a scroll labelled PUANAT FISAG Unknown command.
No target in view!
You open the door.
There is an open door here.
Natasha, Servant of Life and Death comes into view.
She is carrying a wand of polymorph (5).
Natasha hisses angrily.
Natasha casts a spell.
A quokka comes into view.
Unknown command.
There are monsters nearby!
The white imp hits you. The white imp freezes you.
You closely miss Natasha. You grab Natasha.
You squeeze Natasha, but do no damage. You constrict Natasha.
Natasha zaps a wand.
You resist with significant effort.
Unknown command.
There are monsters nearby!
You hit Natasha.
Natasha is moderately wounded.
You constrict Natasha. The white imp gestures at you.
The puff of frost hits you! Natasha claws you.
There are monsters nearby!
Unknown command.
You hit Natasha but do no damage.
Natasha is heavily wounded.
You constrict Natasha. The white imp hits you. The white imp freezes you.
* * * LOW HITPOINT WARNING * * *
Natasha mumbles some strange words.
You completely miss Natasha.
Natasha is heavily wounded.
You constrict Natasha. The white imp gestures at you.
The puff of frost hits you.
You die...

#..# .#..# ###.#..#
### ..#.#..# ..
#.#.#..#
#######.####.#.#r5#
.............#.#5h#
# ###..#.#@.# ####
#......#..# ...#
#.#..#....#
...######.#..#.#?##
..........#..#.#..#
)..########..#.##.#
...'.........#.# .#
...#########.#.# .#
.............#.# .#


You could see Natasha, a crimson imp (summoned), a white imp (summoned) and a
quokka.

Vanquished Creatures
  3 endoplasms
  A giant cockroach (D:1)
  2 goblins (D:1)
  4 hobgoblins (D:1)
  4 jackals (D:1)
  2 quokkas
  2 ball pythons (D:1)
  5 bats (D:1)
  4 frilled lizards (D:1)
  2 kobolds
29 creatures vanquished.

Notes
Turn   | Place    | Note
-------+----------+-------------------------------------------
     0 | D:1      | sasquatch the Octopode Brigand began the quest for the Orb.
     0 | D:1      | Reached XP level 1. HP: 14/14 MP: 1/1
   140 | D:1      | Found a faded altar of an unknown god.
   205 | D:1      | Reached XP level 2. HP: 16/19 MP: 2/2
   608 | D:1      | Reached skill level 6 in Stealth
   612 | D:1      | Reached XP level 3. HP: 21/24 MP: 3/3
  1135 | D:2      | Noticed Natasha
  1141 | D:2      | Killed from afar by a white imp

Illustrated notes

Levels and vault maps discovered:
D:1:      sevenhm_arrival_forest_fort_small_4, layout_basic,
          basic_ecumenical_altar, minmay_misc_feat_roman
D:2:      layout_basic, uniq_natasha

Skill      XL: |  1  2  3 |
---------------+----------+-----
Stealth        | 6 |  6.1
Short Blades   | 3 |  3.0
Fighting       | |  2.0
Throwing       | |  2.0
Dodging        | |  1.0

Action                   || total
-------------------------++-------
Melee: Dagger            ||    56
       Constrict         ||    12
       Tentacles         ||    11
 Stab: Sleeping          ||     5
Armor: Skin              ||     2
Dodge: Dodged            ||    26
